Unix NetHack Version 5.0.0-0 post-release - last build May 17 2026 04:57:42 (dc50c8380fa5e20985bfe3072449f57b8d9895ef,branch:main).

Game began 2026-05-20 20:47:54, ended 2026-05-20 20:54:03.

Eymerich, chaotic male elven Priest

                   -.....
                  -.......G
                  .<--..G.d
                  ---  -!.
                      --)).
                  h   %.@..
                      .....
                      G...
                       ..

Eymerich the Aspirant        St:11 Dx:13 Co:16 In:8 Wi:16 Ch:11  Chaotic
Dlvl:3  $:13 HP:0(18) Pw:27(27) AC:8  Xp:2 T:605 

Latest messages:
 You feel self-knowledgeable...
 The feeling subsides.
 You kill the gnome!
 Welcome to experience level 2.
 y - 7 darts.
 z - 13 cursed darts.
 A - a gray spellbook.
 There is a gnome corpse here; eat it? [ynq] (n)
 This gnome corpse tastes okay.
 The hobbit wields a cursed dagger!
 The dagger welds itself to the hobbit's hand!
 The gnome wields a crossbow!
 Pinky bites the hobbit.
 The hobbit thrusts his dagger at Pinky.
 The hobbit misses Pinky.
 Pinky misses the hobbit.
 You stop eating the gnome corpse.
 The gnome shoots 2 crossbow bolts!
 You are hit by the 1st crossbow bolt.
 You are hit by the 2nd crossbow bolt.
 You kill the hobbit!
 Pinky misses the gnome.
 The gnome shoots 2 crossbow bolts!
 The 1st crossbow bolt misses you.
 You are hit by the 2nd crossbow bolt!
 What do you want to use or apply? [g-iklnpsxA or ?*]
 Improvise? [ynq] (q)
 You start playing your bugle.
 You extract a loud noise from your bugle.
 Pinky turns to flee.
 The gnome turns to flee.
 The gnome turns to flee.
 Pinky misses the gnome.
 Pinky misses the gnome.
 There is a partly eaten gnome corpse here; eat it? [ynq] (n)
 You resume your meal.
 Pinky misses the gnome.
 The gnome shoots 2 crossbow bolts!
 You catch the crossbow bolt! B - a crossbow bolt.
 You are hit by the 2nd crossbow bolt.
 You stop eating the gnome corpse.
 C - a partly used candle (lit).
 You hear some noises.
 The gnome zaps himself with a pine wand!
 The gnome disappears!
 The gnome shoots 2 crossbow bolts!
 You are hit by the 1st crossbow bolt!
 You die...
 Do you want your possessions identified? [ynq] (y)
 Do you want to see your attributes? [ynq] (y)

Inventory:
 Coins    ('$')
  $ - 13 gold pieces
 Weapons  (')')
  B - a +0 crossbow bolt
  y - 7 +0 darts
  z - 13 cursed -1 darts
  q - a +3 spear
  a - a blessed +1 mace (weapon in right hand)
  p - a +1 fauchard
 Armor    ('[')
  t - a +0 shield of drain resistance
  u - a +0 shield of shock resistance
  c - a +0 small shield
  b - a +0 robe (being worn)
 Comestibles  ('%')
  e - a clove of garlic
  v - a food ration
  f - 2 sprigs of wolfsbane
  w - 2 lichen corpses
 Spellbooks  ('+')
  A - a spellbook of create familiar
  k - a spellbook of drain life
  h - a spellbook of healing
  g - a spellbook of protection
 Potions  ('!')
  m - a potion of gain level
  d - 4 potions of holy water
 Wands    ('/')
  n - a wand of cold (0:5)
  l - a wand of enlightenment (0:12)
  x - a wand of nothing (0:5)
 Tools    ('(')
  i - a bugle
  s - a lock pick
  C - a partly used tallow candle (lit)
 Gems/Stones  ('*')
  j - a jasper stone named soft
  o - a worthless piece of orange glass named soft

Eymerich the Priest's attributes:

Background:
 You were an Aspirant, a level 2 elven Priest.
 You were chaotic, on a mission for Offler
 who was opposed by Blind Io (lawful) and The Lady (neutral).
 You were right-handed.
 You were in the Gnomish Mines, on level 3.
 You entered the dungeon 605 turns ago.
 You had 33 experience points, 7 more were needed to attain level 3.

Basics:
 You had 0 out of 18 hit points.
 You had all 27 energy points (spell power).
 Your armor class was 8.
 Your wallet contained 13 zorkmids.
 Autopickup was off.

Final Characteristics:
 Your strength was 11 (limit:18).
 Your dexterity was 13 (limit:18).
 Your constitution was 16 (limit:16).
 Your intelligence was 8 (limit:20).
 Your wisdom was 16 (limit:20).
 Your charisma was 11 (limit:18).

Final Status:
 You weren't hungry.
 You were unencumbered.
 You were wielding a mace.
 You had basic skill with mace.

Final Attributes:
 You were fervently aligned.
 You had infravision.
 You were guarded.
 Your spell casting was enhanced by wearing a robe.
 You are dead.

Miscellaneous:
 You didn't encounter any bones levels.
 Total elapsed playing time was 6 minutes and 8 seconds.

Major events:
 Turn
    1: Eymerich the chaotic elven Priest entered the dungeon
  585: entered the Gnomish Mines
  605: killed by a crossbow bolt

Spells:
 Name                 Level Category     Fail Retention
 protection             1   clerical       0%  91%-100%
 healing                1   healing        0%  76%-100%

Skills:
 Fighting Skills
   bare handed combat [Unskilled]
 Weapon Skills
   club               [Unskilled]
   mace               [Basic]
   morning star       [Unskilled]
   flail              [Unskilled]
   hammer             [Unskilled]
   quarterstaff       [Unskilled]
   polearms           [Unskilled]
   spear              [Unskilled]
   trident            [Unskilled]
   lance              [Unskilled]
   bow                [Unskilled]
   sling              [Unskilled]
   crossbow           [Unskilled]
   dart               [Unskilled]
   shuriken           [Unskilled]
   boomerang          [Unskilled]
   unicorn horn       [Unskilled]
 Spellcasting Skills
   healing spells     [Unskilled]
   divination spells  [Unskilled]
   clerical spells    [Basic]

Voluntary challenges:
 Character rerolling was not enabled.
 You were an atheist.
 You were illiterate.
 You never genocided any monsters.
 You never polymorphed an object.
 You never changed form.
 You used no wishes.
Achievements:
 You entered a shop.
 You entered the Gnomish Mines.

 The Dungeons of Doom: levels 1 to 3
    Level 1:
    Level 2:
       A food shop, an altar to Offler.
       Stairs down to The Gnomish Mines.
    Level 3:
 The Gnomish Mines:
    Level 3: <- You were here.
       Final resting place for
          you, killed by a crossbow bolt.


Vanquished creatures:
  a hobbit
  2 gnomes
  4 lichens
7 creatures vanquished.

No species were genocided or became extinct.

Game over:
                       ----------
                      /          \
                     /    REST    \
                    /      IN      \
                   /     PEACE      \
                  /                  \
                  |     Eymerich     |
                  |      13 Au       |
                  |   killed by a    |
                  |  crossbow bolt   |
                  |                  |
                  |                  |
                  |       2026       |
                 *|     *  *  *      | *
        _________)/\\_//(\/(/\)/\//\/|_)_______

Goodbye Eymerich the Priest...

You died in The Gnomish Mines on dungeon level 3 with 254 points,
and 13 pieces of gold, after 605 moves.
You were level 2 with a maximum of 18 hit points when you died.

